Description

zergling cheese

Build Order

Get SALT Encoding   

  13  0:13  Overlord  
  13  0:15  Drone  
  14  0:31  Drone x2  
  16  0:35  Drone  
  17  0:44  Extractor  
  17  0:45  Drone  
  17  0:53  Spawning Pool  
  16  0:57  Drone  
  17  1:17  Hatchery  
  16  1:20  Drone  
  17  1:40  Queen  
  19  1:47  Metabolic Boost  
  19  1:50  Overlord  
  19  1:58  Zergling x2  
  22  2:11  Queen  
  30  2:50  Overlord  
Spawning Tool Build Advisor. Get it on Overwolf

Analysis

zerglings

Go to:

Details

  • Created by: Jummy
  • Published on: Mar 12, 2022
  • Modified on: Mar 21, 2022
  • Patch: 4.11.0
  • Difficulty: Easy
Show
View Real Time Build Order
Export as new Build Order

Comments (0)

There are no comments. Be the first!

Create an account to comment!